 Dungeon Crawl Stone Soup version 0.16-a0-2876-g1f3fc7e (webtiles) character file.

2029 Ratboiler the Basher (level 9, -7/75 HPs)
             Began as a Naga Wanderer on Nov 30, 2014.
             Was a Priest of Makhleb.
             Killed from afar by an orc (22 damage)
             ... with an exploding inner flame
             ... hexed by the player character
             ... on level 7 of the Dungeon.
             The game lasted 00:17:00 (8828 turns).

Ratboiler the Basher (Naga Wanderer)                Turns: 8828, Time: 00:17:00

Health: -7/75      AC:  7    Str: 14      XL:     9   Next: 23%
Magic:  18/18      EV:  6    Int: 12      God:    Makhleb [***...]
Gold:   282        SH:  0    Dex: 14 (15) Spells: 0 memorised, 8 levels left

rFire  . . .     SeeInvis +     a - +11 club
rCold  . . .     Clarity  .     B - +0 scale mail
rNeg   + . .     SustAb   .     (no shield)
rPois  +         Gourm    .     (helmet restricted)
rElec  .         Spirit   .     (no cloak)
rCorr  .         Warding  +     N - +0 pair of gloves
rMut   .         Stasis   .     (no barding)
MR     +....                    A - amulet of warding
Stlth  +.........               (no ring)
                                M - ring of magical power

@: very slow, somewhat resistant to hostile enchantments, very unstealthy
A: spit poison, horns 1, see invisible, deformed body, poison resistance,
slowness 2, AC +3
a: Spit Poison, Minor Destruction, Lesser Servant of Makhleb, Renounce Religion


You were on level 7 of the Dungeon.
You worshipped Makhleb.
Makhleb was most pleased with you.
You were not hungry.

You visited 1 branch of the dungeon, and saw 7 of its levels.

You collected 282 gold pieces.

Inventory:

Hand weapons
 a - a +11 club (weapon)
 b - a +0 hunting sling
 t - a +2 hand axe
Missiles
 p - 21 stones (quivered)
 F - 8 needles of confusion
 J - 8 curare-tipped needles
Armour
 c - a +0 ring mail
 r - a +0 helmet
 B - a +0 scale mail (worn)
 L - a +2 chain mail of magic resistance
 N - a +0 pair of gloves (worn)
Jewellery
 A - an amulet of warding (around neck)
 M - a ring of magical power (left hand)
Magical devices
 E - a wand of paralysis (14)
 I - a wand of disintegration (4)
 K - a wand of enslavement (0)
Scrolls
 e - 3 scrolls of remove curse {unknown}
 i - a scroll of teleportation {unknown}
 k - 3 scrolls of immolation
 m - a scroll of fog {unknown}
 q - a scroll of enchant weapon {unknown}
 u - a scroll of recharging {unknown}
 v - 2 scrolls of blinking {unknown}
 w - a scroll of amnesia {unknown}
 x - a scroll of magic mapping {unknown}
 y - a scroll of fear {unknown}
 G - 2 scrolls of random uselessness {unknown}
 H - a scroll of noise {unknown}
Potions
 h - 3 potions of haste
 l - 3 potions of heal wounds
 n - a potion of magic
 o - a potion of lignification
 s - 4 potions of might
 z - 2 potions of agility
 C - 2 potions of curing {unknown}
 D - a potion of flight
Comestibles
 d - 4 bread rations
 f - 6 meat rations
 g - 3 slices of pizza
 j - a beef jerky


   Skills:
 - Level 3.0 Fighting
 - Level 4.2(8.2) Axes
 + Level 10.9(11.2) Maces & Flails
 - Level 1.0 Throwing
 - Level 1.0 Armour
 - Level 1.5 Stealth
 - Level 3.0 Unarmed Combat


You had 8 spell levels left.
You didn't know any spells.

Dungeon Overview and Level Annotations

Branches:
Dungeon (7/15)             Temple (0/1) D:4

Altars:
Cheibriados
Gozag
Kikubaaqudgha
Makhleb
Xom
Yredelemnul
Zin

Annotations:
D:7 Dowan


Innate Abilities, Weirdness & Mutations

You cannot wear boots.
You can spit poison.
Your serpentine skin is tough (AC +3).
You have supernaturally acute eyesight.
Armour fits poorly on your strangely shaped body.
Your system is resistant to poisons.
You cover ground very slowly.
You have a pair of small horns on your head.


Message History

* * * LOW HITPOINT WARNING * * *
The fiery explosion engulfs the orc wizard.
The orc wizard explodes!
The fiery explosion engulfs you!
* * * LOW HITPOINT WARNING * * *
Makhleb accepts your kill.
You feel a little better.
The fiery explosion engulfs the orc.
The orc explodes!
The fiery explosion engulfs the orc warrior.
The orc warrior explodes!
The fiery explosion engulfs Duvessa.
Duvessa is almost dead.
Makhleb accepts your kill.
Your life force feels restored.
The fiery explosion engulfs Duvessa.
Duvessa explodes!
Makhleb accepts your kill.
You feel a little better.
You hear a distant wail of despair.
The fiery explosion engulfs you!
You die...

..........#.............#......#
..........#..........#......#.##
....................####...#####
...(...........###..# ##.## #.#
..####.........###.## #.###.#
..# #............# ##.#.# #.#
#......§§§..# ##..># #.##
.....%§§§..######...## #..#
......§§§@....##..####
##.##....##..§§§#####...##
#........##...§§ ##.##
..#####.......§. #.# .## ....§..
#.# ## ...... ... ## %#... ###
.## .... ..### .


There were no monsters in sight!

Vanquished Creatures
  A hungry ghost (D:7)
  An ice beast (D:7)
  2 phantoms
  An ogre (D:6)
  An orc warrior (D:7)
  Duvessa (D:7)
  2 giant frogs (D:6)
  A water moccasin zombie (D:6)
  3 scorpions
  A water moccasin skeleton (D:5)
  A quasit (D:6)
  3 crimson imps
  A goliath beetle (D:7)
  2 giant frog zombies (D:6)
  2 giant frog skeletons (D:6)
  3 orc priests
  A jelly (D:5)
  A centaur zombie (D:5)
  5 orc wizards
  A hound (D:5)
  4 worker ants
  Ijyb (D:7)
  Jessica (D:2)
  A worker ant zombie (D:5)
  Robin (D:2)
  2 giant mites
  5 adders
  3 worms (D:3)
  3 adder skeletons
  An ooze (D:2)
  21 orcs
  5 ball pythons
  A bat skeleton (D:5)
  8 giant cockroaches
  28 goblins
  9 hobgoblins
  2 jackals (D:3)
  12 kobolds
  2 quokkas
  16 bats
  7 giant geckos
  A giant gecko zombie (D:7)
  3 giant newts
  12 rats
183 creatures vanquished.

Notes
Turn   | Place    | Note
--------------------------------------------------------------
     0 | D:1      | Ratboiler, the Naga Wanderer, began the quest for the Orb.
     0 | D:1      | Ratboiler set off with: a +2 hand axe, a potion of lignification, a +0 ring mail, a bread ration
     0 | D:1      | Reached XP level 1. HP: 21/21 MP: 1/1
   614 | D:1      | Reached XP level 2. HP: 28/28 MP: 2/2
   988 | D:1      | Reached XP level 3. HP: 15/34 MP: 3/3
  1872 | D:2      | Noticed Jessica
  1877 | D:2      | Killed Jessica
  1877 | D:2      | Reached XP level 4. HP: 33/42 MP: 4/4
  2136 | D:2      | Noticed Robin
  2158 | D:2      | Reached skill level 4 in Axes
  2171 | D:2      | Killed Robin
  2601 | D:2      | Reached skill level 1 in Maces & Flails
  2809 | D:2      | Found a burning altar of Makhleb.
  2818 | D:2      | Became a worshipper of Makhleb the Destroyer
  3124 | D:3      | Reached XP level 5. HP: 44/49 MP: 5/5
  3869 | D:3      | Acquired Makhleb's first power
  3984 | D:3      | Found a shimmering altar of Xom.
  3987 | D:3      | Found a snail-covered altar of Cheibriados.
  3990 | D:3      | Found an opulent altar of Gozag.
  4110 | D:3      | Reached XP level 6. HP: 56/56 MP: 6/6
  4788 | D:4      | Found a staircase to the Ecumenical Temple.
  4797 | D:4      | Reached skill level 5 in Maces & Flails
  4875 | D:4      | Acquired Makhleb's second power
  5250 | D:4      | Reached XP level 7. HP: 45/62 MP: 7/7
  5521 | D:4      | Gained mutation: You have a pair of small horns on your head. [potion of beneficial mutation]
  5749 | D:4      | Reached skill level 6 in Maces & Flails
  5838 | D:5      | Entered Level 5 of the Dungeon
  6486 | D:5      | Reached skill level 7 in Maces & Flails
  6820 | D:6      | Reached XP level 8. HP: 35/69 MP: 8/8
  7142 | D:6      | Reached skill level 8 in Maces & Flails
  7232 | D:6      | Found a basalt altar of Yredelemnul.
  7357 | D:6      | Acquired Makhleb's third power
  7414 | D:6      | Reached skill level 9 in Maces & Flails
  7509 | D:6      | Found an ancient bone altar of Kikubaaqudgha.
  7973 | D:7      | Noticed Ijyb
  8011 | D:7      | Killed Ijyb
  8225 | D:7      | Found a glowing silver altar of Zin.
  8384 | D:7      | Reached skill level 10 in Maces & Flails
  8384 | D:7      | Reached XP level 9. HP: 52/75 MP: 9/9
  8822 | D:7      | Noticed Duvessa
  8822 | D:7      | Noticed Dowan
  8828 | D:7      | Killed Duvessa
  8828 | D:7      | Killed from afar by an orc

Action                   |  1- 3 |  4- 6 |  7- 9 || total
-------------------------+-------+-------+-------++-------
Melee: Hand axe          |   110 |    47 |       ||   157
       Club              |       |   175 |   210 ||   385
 Abil: Spit Poison       |     3 |     2 |     4 ||     9
  Use: Scroll            |       |     6 |     3 ||     9
       Potion            |       |       |     1 ||     1
  Eat: Chunk             |     2 |    12 |     6 ||    20
       Fruit             |       |       |     4 ||     4
       Beef jerky        |       |       |     3 ||     3
